 Dungeon Crawl Stone Soup version 0.25-a0-566-g062765b (webtiles) character file.

Game seed: 12858787852901388693, levelgen mode: deterministic

108 15 the Caller (level 4, -1/32 HPs)
             Began as a Barachi Summoner on Feb 28, 2020.
             Slain by an orc wizard
             ... wielding a +0 dagger
              (3 damage)
             ... on level 3 of the Dungeon.
             The game lasted 00:07:05 (2624 turns).

15 the Caller (Barachi Summoner)                    Turns: 2624, Time: 00:07:07

Health: -1/32      AC:  2    Str: 15    XL:     4   Next: 87%
Magic:  3/8        EV: 13    Int: 15    God:
Gold:   84         SH:  0    Dex: 13    Spells: 0/9 levels left

rFire    . . .     SeeInvis .   e - +2 dagger (speed)
rCold    . . .     Gourm    .   (no shield)
rNeg     . . .     Faith    .   a - +0 robe
rPois    .         Spirit   .   (no helmet)
rElec    .         Reflect  .   (no cloak)
rCorr    +         Harm     .   (no gloves)
MR       .....                  (no boots)
Stlth    ++........             (no amulet)
HPRegen  0.10/turn              i - ring of resist corrosion
MPRegen  0.11/turn              m - +5 ring of strength

@: slow
A: +LOS, swims, slowness 1, strong legs 1
a: Hop


You were on level 3 of the Dungeon.
You were not hungry.

You visited 1 branch of the dungeon, and saw 3 of its levels.

You collected 84 gold pieces.

Inventory:

Hand Weapons
 e - a +2 dagger of speed (weapon)
Armour
 a - a +0 robe (worn)
Jewellery
 i - a ring of resist corrosion (left hand)
 m - a +5 ring of strength (right hand)
Wands
 n - a wand of polymorph (7)
Scrolls
 b - a scroll of fear {unknown}
 g - a scroll of noise {unknown}
 h - 4 scrolls of remove curse
Potions
 d - a potion of brilliance
 f - a potion of resistance {unknown}
 k - a potion of curing {unknown}
 o - a potion of lignification {unknown}
Comestibles
 c - 5 rations
 j - a chunk of flesh


   Skills:
 * Level 1.1 Fighting
 + Level 0.8 Short Blades
 * Level 1.2 Armour
 * Level 3.0 Dodging
 + Level 1.9 Stealth
 * Level 3.3 Spellcasting
 + Level 5.5 Summonings


You couldn't memorise any spells.
You knew the following spells:

 Your Spells              Type           Power        Failure   Level  Hunger
a - Summon Small Mammal   Summ           ###.         1%          1    #......
b - Call Imp              Summ           ###.....     3%          2    ##.....
c - Call Canine Familiar  Summ           ###.....     6%          3    ###....
d - Summon Guardian Gole  Hex/Summ       ##......     19%         3    ###....

Your spell library contained the following spells:

 Spells                   Type           Power        Failure   Level  Hunger
 Summon Ice Beast         Ice/Summ       ##......     52%         4    #####..
 Summon Lightning Spire   Summ/Air       ##......     52%         4    #####..


Dungeon Overview and Level Annotations

Branches:
Dungeon (3/15)

Altars:

Annotations:
D:3 1 runed translucent door, Umoon's ghost, amateur DsFi


Innate Abilities, Weirdness & Mutations

You can be seen from farther away. (+LOS)
You can swim through water.
You cover ground slowly.
You can hop short distances.


Message History

Your hound disappears in a puff of smoke!
The orc hits you.
You closely miss the orc.
The orc is severely wounded.
The orc wizard hits your guardian golem with a +0 dagger.
The orc closely misses you.
You swap places.
The orc wizard hits you but does no damage.
The orc wizard points at you and mumbles some strange words.
The magic dart hits you!
* * * LOW HITPOINT WARNING * * *
Your shadow imp hits the orc wizard.
The orc hits your guardian golem but does no damage.
As you read the scroll labeled KESIUXEPIA, it crumbles to dust.
You feel aware of your surroundings.
It was a scroll of magic mapping.
The orc wizard hits you with a +0 dagger.
* * * LOW HITPOINT WARNING * * *
The orc hits your guardian golem.
Your shadow imp misses the orc wizard.
The orc wizard hits you with a +0 dagger.
You die...

*,**,,*,**,,***,****,****
*,**,,*,,,,,,,,,,,,,,*
*,,.o,,..#,,***,**#########
*,*#.,##.#.,,,,,* #......<#
***,,,......$.####* #.#####.#####
,**,,,,.,#..o..oo# #.#####.#....
,,,,,,,#.#.#***#o# #.##........#
,,,,**,#.#.#####8# #.##.##.#.#..
,**,**,,,......#@# #.##.##.#.###
,,*,**,*,#.#...#o# #.......#.###
,,*,**,*,#.#...#5# #######.#....
..*,,,,>,#.....†.# #.#####
,..,,,,**###.)§### #.# ..#.#***
#...# #.# ###
,.....######...######## #.# #).
..#.#............(....#####.###..
.........................##.#....


You could see an orc wizard, 3 orcs, a friendly guardian golem and a friendly
shadow imp.

Vanquished Creatures
  A worm (D:2)
  An orc (D:3)
  A giant cockroach (D:2)
  3 goblins
  3 hobgoblins
  A kobold (D:1)
  A quokka (D:3)
  3 bats
  3 frilled lizards
  5 rats
  A bush (D:2)
23 creatures vanquished.

Vanquished Creatures (collateral kills)
  Terence (D:2)
  Natasha (thrice) (D:3)
  A gnoll (D:2)
  2 adders (D:2)
  A worm (D:3)
  A leopard gecko (D:3)
  A bat (D:1)
  A giant cockroach (D:2)
  2 goblins (D:3)
  A hobgoblin (D:3)
14 creatures vanquished.

Vanquished Creatures (others)
  A withered plant (D:3)
1 creature vanquished.

Grand Total: 38 creatures vanquished

Notes
Turn   | Place    | Note
-------+----------+-------------------------------------------
     0 | D:1      | 15 the Barachi Summoner began the quest for the Orb.
     0 | D:1      | Reached XP level 1. HP: 13/13 MP: 3/3
    84 | D:1      | Reached skill level 5 in Summonings
   629 | D:1      | Reached XP level 2. HP: 11/19 MP: 0/5
   706 | D:1      | Learned a level 2 spell: Call Imp
  1133 | D:2      | Noticed Terence
  1150 | D:2      | Killed Terence
  1150 | D:2      | Reached XP level 3. HP: 24/25 MP: 4/6
  1627 | D:2      | Learned a level 3 spell: Call Canine Familiar
  1687 | D:2      | Reached skill level 1 in Armour
  1932 | D:3      | Noticed Natasha
  1939 | D:3      | HP: 1/25 [Natasha (8)]
  1940 | D:3      | Killed Natasha
  1940 | D:3      | Reached XP level 4. HP: 2/31 MP: 2/8
  1965 | D:3      | Noticed Natasha
  1980 | D:3      | Killed Natasha
  1980 | D:3      | Reached skill level 1 in Fighting
  2093 | D:3      | Noticed Natasha
  2104 | D:3      | Killed Natasha
  2140 | D:3      | Learned a level 3 spell: Summon Guardian Golem
  2365 | D:3      | Found a runed translucent door.
  2365 | D:3      | Noticed Umoon's ghost (amateur DsFi)
  2624 | D:3      | Slain by an orc wizard

Levels and vault maps discovered:
D:1:      dpeg_arrival_snail, layout_basic, serial_park_tiny_pond,
          dk_noncrumbling_2
D:2:      layout_loops_ring, gammafunk_temple_overflow_claw, first_ration,
          minmay_hedge_maze, minmay_pentomino_t2, uniq_terence
D:3:      layout_loops_cross, gammafunk_ghost_grave, uniq_jessica, uniq_natasha

Skill      XL: |  1  2  3  4 |
---------------+-------------+-----
Summonings     | 5 |  5.5
Armour         | 1 |  1.2
Spellcasting   | 3 |  3.3
Fighting       | 1 |  1.1
Dodging        | 3 |  3.0
Short Blades   | |  0.8
Stealth        | |  1.9

Action                   |  1- 3 |  4- 6 || total
-------------------------+-------+-------++-------
Melee: Dagger            |   383 |    41 ||   424
 Cast: Summon Small Mamm |    11 |     2 ||    13
       Call Imp          |     7 |     4 ||    11
       Call Canine Famil |     2 |     4 ||     6
       Summon Guardian G |       |     1 ||     1
  Use: Scroll            |     3 |     2 ||     5
       Potion            |       |     1 ||     1
 Stab: Sleeping          |     1 |       ||     1
  Eat: Chunk             |     5 |     3 ||     8
Armor: Robe              |    24 |     1 ||    25
Dodge: Dodged            |    55 |    16 ||    71

Table legend:
 A = Non-vault XP
 B = Vault XP
 C = Vault XP percentage of total XP
 D = Non-vault monster count
 E = Vault monster count
 F = Vault count percentage of total count
                 A         B        C        D         E       F
            +---------+---------+-------+---------+---------+-------
      Total |     108 |      47 |  30.3 |      33 |       3 |   8.3
            +---------+---------+-------+---------+---------+-------
        D:1 |      13 |       0 |   0.0 |       8 |       0 |   0.0
        D:2 |      39 |      24 |  38.1 |      12 |       2 |  14.3
        D:3 |      56 |      23 |  29.1 |      13 |       1 |   7.1
            +---------+---------+-------+---------+---------+-------
